 Dungeon Crawl Stone Soup version 0.20.1-1-g8b1a95d66d (webtiles) character file.

157370 Gargoyl the Envoy of Void (level 17, -6/149 HPs)
             Began as a Centaur Abyssal Knight on Dec 21, 2017.
             Was a High Priest of Lugonu.
             Shot with an arrow by a deep elf master archer (18 damage)
             ... on level 3 of the Elven Halls on Dec 22, 2017.
             The game lasted 01:37:47 (46731 turns).

Gargoyl the Envoy of Void (Centaur Abyssal Knight) Turns: 46731, Time: 01:37:48

Health: -6/149     AC: 38    Str: 25      XL:     17   Next: 12%
Magic:  24/28      EV:  7    Int:  8      God:    Lugonu [*****.]
Gold:   2033       SH:  4    Dex:  8 (9)  Spells: 16/16 levels left

rFire    . . .     SeeInvis .   R - +2 broad axe (flame)
rCold    + + .     Gourm    .   Y - +0 buckler {rN+}
rNeg     + . .     Faith    .   z - +4 plate armour {rC+}
rPois    +         Spirit   .   f - +2 hat {MR+}
rElec    +         Reflect  .   W - +1 cloak of the Ditch-Digger {rElec Stlth+}
rCorr    .         Harm     .   J - +2 pair of gloves
MR       ++...                  M - +3 centaur barding {Stlth+}
Stlth    ..........             (no amulet)
Regen    0.4/turn               d - ring of Vub Xuisk {rC+ EV+3 Str+2 Int-3}
MPRegen  0.3/turn               T - +5 ring of strength

@: very quick
A: beak, hooves 3, rugged brown scales 1, slimy green scales 1, blurry vision
1[+1], clever 1, [clumsy 2], deformed body, [deterioration 2], [dopey 1], speed
2, poison resistance, strong 1, tough skin 3, [weak 1], no potion heal 1
a: Depart the Abyss, Bend Space, Banish, Corrupt, Enter the Abyss, Renounce
Religion


You were on level 3 of the Elven Halls.
You worshipped Lugonu.
Lugonu was extremely pleased with you.
You were not hungry.

You visited 4 branches of the dungeon, and saw 26 of its levels.
You visited the Abyss 6 times.
You also visited: Ossuary and Volcano.

You collected 2839 gold pieces.
You spent 806 gold pieces at shops.

Inventory:

Hand Weapons
 a - a +4 hand axe
 i - a +0 broad axe of chopping
 R - a +2 broad axe of flaming (weapon)
Missiles
 t - 14 javelins (quivered)
 x - 18 tomahawks
Armour
 f - a +2 hat of magic resistance (worn)
 z - a +4 plate armour of cold resistance (worn)
 J - a +2 pair of gloves (worn)
 M - a +3 centaur barding of stealth (worn)
 W - the +1 cloak of the Ditch-Digger (worn) {rElec Stlth+}
   (You found it on level 4 of the Lair of Beasts)

   It insulates you from electricity.
   It makes you more stealthy.
 Y - a +0 buckler of positive energy (worn)
Jewellery
 d - the ring of Vub Xuisk (left hand) {rC+ EV+3 Str+2 Int-3}
   (You found it on level 2 of the Abyss)

   [ring of evasion]

   It affects your evasion (+3).
   It affects your strength (+2).
   It affects your intelligence (-3).
   It protects you from cold.
 r - an uncursed ring of see invisible
 s - an uncursed ring of resist corrosion
 E - an uncursed ring of protection from fire
 I - an uncursed ring of flight
 T - a +5 ring of strength (right hand)
Wands
 p - a wand of iceblast (8/15)
 A - a wand of disintegration (8/24)
 F - a wand of enslavement (12/24)
Scrolls
 b - 5 scrolls of fear
 e - 4 scrolls of magic mapping
 g - 5 scrolls of identify
 k - a scroll of summoning
 n - 4 scrolls of remove curse
 u - a scroll of holy word
 y - a scroll of enchant weapon
 K - 7 scrolls of teleportation
 L - a scroll of recharging
 O - a scroll of fog
Potions
 j - 3 potions of brilliance
 m - 3 potions of cancellation
 o - a potion of might
 q - 6 potions of curing
 w - 5 potions of resistance
 B - 2 potions of agility
 D - 2 potions of haste
 N - 2 potions of heal wounds
 P - 2 potions of flight
 V - a potion of ambrosia
 X - a potion of berserk rage
Comestibles
 c - 5 bread rations
 h - 17 royal jellies
 l - 5 meat rations
 v - 5 fruits


   Skills:
 + Level 11.6 Fighting
 + Level 15.1(15.3) Axes
   Level 4.2(11.0) Maces & Flails
 + Level 2.5 Throwing
 * Level 13.1 Armour
 + Level 2.5 Dodging
 + Level 5.2 Shields
 * Level 15.6 Invocations


You had 16 spell levels left.
You didn't know any spells.

Dungeon Overview and Level Annotations

Branches:
Dungeon (15/15)            Temple (0/1) D:5            Lair (6/6) D:10
  Swamp (0/4) Lair:2        Snake (0/4) Lair:3        Slime (0/5) Lair:6
    Orc (2/2) D:11            Elf (3/3) Orc:2        Vaults (0/5) D:14
 Depths (0/5) D:15

Altars:
Ashenzari
Cheibriados
Dithmenos
Elyvilon
Hepliaklqana
Makhleb
Qazlal
Ru
Sif Muna
Yredelemnul
Zin
The Shining One
Beogh

Shops:
D:6 (   D:12 *   D:14 [   Orc:2 [(%}   Elf:1 }}


Innate Abilities, Weirdness & Mutations

You have hooves in place of feet.
Armour fits poorly on your strangely shaped body.
You cover ground very quickly.
You have extremely tough skin. (AC +3)
You have a beak for a mouth.
You are partially covered in rugged brown scales. (AC +1, +3% HP)
You are partially covered in slimy green scales. (AC +2)
Your mind is acute. (Int +2)
Your system is resistant to poisons. (rPois)
Your muscles are strong. (Str +2)
Potions are less effective at restoring your health.
[Scrolls take you longer to read.]
[You are very clumsy. (Dex -4)]
[Your body often deteriorates upon taking damage.]
[You are dopey. (Int -2)]
[You are weak. (Str -2)]


Message History

You block the arrow.
Found an arrow.
Press: ? - help, Shift-Dir - straight line, f - deep elf master archer
Aim: a deep elf master archer, wielding a longbow, wearing warped ice dragon scales and wearing a slimy ivory ring (chance to defeat MR: 0%)
The deep elf master archer resists with almost no effort.
You feel somewhat more hungry.
The deep elf master archer shoots an arrow.
The arrow hits you!
* * * LOW HITPOINT WARNING * * *
A deep elf sorcerer comes into view. It is wielding a glaive.
Really read with blurry vision while enemies are nearby? [Y]es or [N]o only, please.
Really read with blurry vision while enemies are nearby?
The deep elf master archer shoots an arrow.
The arrow hits you!!
* * * LOW HITPOINT WARNING * * *
You begin reading the scroll.
You continue reading the scroll.
The deep elf master archer shoots an arrow.
The arrow hits you!!
You die...

##....## #......##
#.......#######
#.............##
##.............#
################
####................
###......8..8..8......
#....@...............#
#..##....####' #...##
#...### #... #..###
###. .e.# ## ...# #
.e.. ...


You could see a deep elf master archer and a deep elf sorcerer.

Vanquished Creatures
  Rupert (Orc:1)
  Gastronok (Lair:1)
  A tentacled starspawn (Abyss:4)
  A fire giant (D:15)
  4 deep elf sorcerers
  2 deep elf demonologists (Elf:3)
  3 deep elf annihilators (Elf:3)
  4 deep elf death magi
  Josephine (Lair:1)
  A deep elf high priest (Elf:3)
  Fannar (Orc:1)
  A hydra (D:13)
  Harold (Lair:2)
  4 vault guards (D:14)
  4 centaur warriors
  2 catoblepae (D:14)
  12 two-headed ogres
  19 dancing weapons
  2 ogre magi (Orc:2)
  Urug (Lair:2)
  2 thrashing horrors (Abyss:2)
  4 tengu warriors
  11 deep elf knights
  Nergalle (Orc:1)
  Sonja (D:11)
  2 wretched stars (Abyss:2)
  A storm dragon skeleton (Abyss:2)
  An unseen horror (Abyss:2)
  2 deep trolls (Orc:2)
  2 deep elf archers
  Pikel (D:8)
  A phantasmal warrior (Abyss:2)
  An orc knight (D:11)
  12 ugly things
  A manticore (D:14)
  3 orc sorcerers
  37 deep elf magi
  An oklob plant (Lair:6)
  A faun (shapeshifter) (Elf:1)
  7 cyclopes
  2 centaur zombies
  A guardian serpent (Elf:2)
  4 gargoyles
  5 black mambas
  A black mamba (shapeshifter) (D:15)
  4 molten gargoyles (Volcano)
  A smoke demon (Abyss:2)
  12 spiny frogs
  The ghost of BreadTh the Thaumaturge, a novice SpEE of Gozag (D:6)
  A hellion (Abyss:2)
  6 komodo dragons
  A freezing wraith (D:14)
  2 rime drakes
  2 tengu conjurers
  An efreet (Volcano)
  8 trolls
  A queen bee (D:12)
  4 large abominations
  3 polar bears
  Grinder (D:3)
  3 hornets (Lair:6)
  10 blink frogs
  3 dream sheep (Lair:6)
  14 hippogriffs
  19 slime creatures
  A shadow (D:13)
  13 spriggans
  3 water elementals
  3 wyverns
  A centaur simulacrum (D:14)
  33 yaks
  2 ynoxinuls (Abyss:2)
  10 wraiths
  2 vampires
  A hog (shapeshifter) (D:14)
  The ghost of Gargoyl the Skirmisher, an amateur CeAK of Lugonu (D:3)
  3 basilisks
  5 fire elementals
  A chaos spawn (Abyss:3)
  3 hungry ghosts
  Edmund (D:5)
  11 vampire mosquitoes
  2 wargs
  6 swamp worms (Lair:2)
  2 acid dragons (D:12)
  21 water moccasins
  3 hell hounds (Abyss:2)
  10 porcupines
  Duvessa (D:6)
  A hornet zombie (D:12)
  An ice beast (D:7)
  25 orc warriors
  7 black bears
  2 eyes of draining
  A phantom (D:9)
  26 ogres
  3 boggarts (Lair:6)
  3 sky beasts
  12 centaurs
  22 wolves
  11 crocodiles
  Blork the orc (D:5)
  4 earth elementals
  19 bullfrogs
  A gnoll sergeant (D:10)
  Dowan (D:6)
  2 scorpions
  9 wights
  24 killer bees
  3 electric eels
  A howler monkey (D:4)
  5 crimson imps
  8 starcursed masses (Abyss:2)
  2 quasits
  Crazy Yiuf (D:3)
  2 bullfrog zombies
  5 jellies
  6 hounds
  22 orc priests
  A human zombie (Ossuary)
  An iron imp (Abyss:2)
  30 orc wizards
  4 centaur skeletons
  A bullfrog skeleton (D:5)
  4 iguanas
  5 hell rats (Lair:5)
  17 worker ants
  A big kobold zombie (Ossuary)
  3 hound zombies
  A hound skeleton (D:6)
  4 mummies (Ossuary)
  A howler monkey zombie (D:6)
  A worker ant zombie (D:6)
  Robin (D:3)
  6 gnolls
  A howler monkey skeleton (D:8)
  17 adders
  6 shadow imps
  2 oozes
  4 adder zombies
  A worm (D:3)
  2 dart slugs (D:3)
  7 leopard geckos
  108 orcs
  8 bats
  2 giant cockroaches
  2 gnoll zombies (Ossuary)
  22 goblins
  9 hobgoblins
  6 jackals
  7 quokkas
  3 ball pythons
  5 frilled lizards
  2 goblin zombies (Ossuary)
  A jackal skeleton (D:3)
  14 kobolds
  A leopard gecko zombie (D:5)
  An orc zombie (Ossuary)
  6 rats
  A rat zombie (Ossuary)
  A bush (D:2)
  4 fungi
  2 plants (Lair:6)
963 creatures vanquished.

Vanquished Creatures (collateral kills)
  A black bear (D:10)
  A scorpion (D:10)
2 creatures vanquished.

Vanquished Creatures (others)
  A deep elf blademaster (Elf:2)
  3 hydras (Lair:6)
  2 lindwurms (Volcano)
  A deep elf mage (Elf:1)
  5 oklob plants
  2 spiny frogs (Lair:1)
  An efreet (Volcano)
  2 hornets
  A blink frog (Lair:5)
  A black bear (D:9)
  A bullfrog (D:8)
  An orc wizard (D:11)
  An adder (D:8)
  A quokka (D:8)
  A bush (Lair:6)
  15 fungi
  A lurking horror (Abyss:2)
  29 plants
  2 starspawn tentacles (Abyss:4)
71 creatures vanquished.

Grand Total: 1036 creatures vanquished

Notes
Turn   | Place    | Note
-------+----------+-------------------------------------------
     0 | Abyss:1  | Gargoyl the Centaur Abyssal Knight began the quest for the Orb.
     0 | Abyss:1  | Reached XP level 1. HP: 19/19 MP: 2/2
    11 | Abyss:2  | Got a glittering iron ring
    12 | Abyss:2  | Identified the ring of Vub Xuisk {rC+ EV+3 Str+2 Int-3} (You found it on level 2 of the Abyss)
    23 | Abyss:2  | Found a corrupted altar of Lugonu.
    34 | Abyss:2  | Noticed an iron imp
   102 | Abyss:3  | Noticed a wretched star
   113 | Abyss:3  | Noticed an orange demon
   114 | D:1      | Escaped the Abyss
   491 | D:1      | Reached * piety under Lugonu
   512 | D:1      | Reached XP level 2. HP: 20/26 MP: 3/3
  1262 | D:2      | Gained mutation: [You are weak. (Str -2)] [potion of mutation]
  1262 | D:2      | Gained mutation: You are partially covered in slimy green scales. (AC +2) [potion of mutation]
  1262 | D:2      | Gained mutation: You have a pair of small horns on your head. [potion of mutation]
  1262 | D:2      | Gained mutation: Your mind is acute. (Int +2) [potion of mutation]
  1263 | D:2      | Lost mutation: [You are weak. (Str -2)] [potion of mutation]
  1263 | D:2      | Gained mutation: Your flesh is heat resistant. (rF+) [potion of mutation]
  1263 | D:2      | Gained mutation: You have an increased reservoir of magic. (+10% MP) [potion of mutation]
  1263 | D:2      | Gained mutation: [Your body sometimes deteriorates upon taking damage.] [potion of mutation]
  1263 | D:2      | Gained mutation: Your flesh is cold resistant. (rC+) [potion of mutation]
  1451 | D:1      | Reached XP level 3. HP: 13/31 MP: 5/5
  2325 | D:3      | Reached XP level 4. HP: 39/39 MP: 6/6
  2372 | D:3      | Reached ** piety under Lugonu
  2390 | D:3      | Noticed Robin
  2410 | D:3      | Killed Robin
  2550 | D:3      | Reached XP level 5. HP: 25/46 MP: 8/8
  2732 | D:3      | Noticed Grinder
  2737 | D:3      | Paralysed by Grinder for 2 turns
  2777 | D:3      | Paralysed by Grinder for 2 turns
  2796 | D:3      | Paralysed by Grinder for 4 turns
  2834 | D:3      | Killed Grinder
  2834 | D:3      | Reached skill level 1 in Dodging
  2834 | D:3      | Reached XP level 6. HP: 33/52 MP: 9/9
  2973 | D:3      | Found a faded altar of an unknown god.
  3003 | D:3      | Noticed Gargoyl's ghost (amateur CeAK)
  3043 | D:3      | Killed Gargoyl's ghost
  3045 | D:3      | Reached *** piety under Lugonu
  3208 | D:3      | Found a runed door.
  3255 | D:3      | Reached XP level 7. HP: 57/59 MP: 11/11
  3784 | D:3      | Noticed Crazy Yiuf
  3789 | D:3      | Cast into level 1 of the Abyss (Crazy Yiuf)
  3831 | Abyss:1  | Noticed a small abomination
  3891 | Abyss:1  | Noticed a large abomination
  3893 | D:3      | Escaped the Abyss
  3902 | D:3      | Killed Crazy Yiuf
  4376 | D:5      | Entered Level 5 of the Dungeon
  4394 | D:5      | Found a staircase to the Ecumenical Temple.
  4608 | D:5      | Reached skill level 5 in Axes
  4698 | D:5      | Noticed Blork the orc
  4706 | D:5      | Killed Blork the orc
  4792 | D:5      | Reached XP level 8. HP: 53/67 MP: 12/12
  4998 | D:5      | Reached skill level 5 in Invocations
  5006 | D:5      | Lost mutation: You have an increased reservoir of magic. (+10% MP) [mutagenic meat]
  5007 | D:5      | Gained mutation: Your spells are a little easier to cast, but a little less powerful. [mutagenic meat]
  5008 | D:5      | Gained mutation: You evolve. [mutagenic meat]
  5009 | D:5      | Gained mutation: You are partially covered in iridescent scales. (AC +2) [mutagenic meat]
  5058 | D:5      | Noticed Edmund
  5074 | D:5      | Killed Edmund
  5626 | D:4      | Found a snail-covered altar of Cheibriados.
  5744 | D:4      | Found a sacrificial altar of Ru.
  5747 | D:4      | Found a glowing silver altar of Zin.
  5748 | D:4      | Found a burning altar of Makhleb.
  5748 | D:4      | Found a stormy altar of Qazlal.
  5748 | D:4      | Found a shadowy altar of Dithmenos.
  5748 | D:4      | Found a glowing golden altar of the Shining One.
  5750 | D:4      | Found a hazy altar of Hepliaklqana.
  5751 | D:4      | Found a deep blue altar of Sif Muna.
  6411 | D:6      | Reached skill level 5 in Armour
  6992 | D:6      | Noticed BreadTh's ghost (novice SpEE)
  6997 | D:6      | Reached **** piety under Lugonu
  7012 | D:6      | Killed BreadTh's ghost
  7012 | D:6      | Reached XP level 9. HP: 47/73 MP: 13/13
  7227 | D:6      | Noticed Duvessa
  7243 | D:6      | Noticed Dowan
  7245 | D:6      | Killed Duvessa
  7245 | D:6      | Reached skill level 5 in Fighting
  7259 | D:6      | Killed Dowan
  7642 | D:6      | Found Itoluk's Weapon Boutique.
  7765 | D:6      | Reached skill level 1 in Shields
  8250 | D:7      | Gained mutation: [You are weak. (Str -2)] [mutagenic meat]
  8251 | D:7      | Gained mutation: [Scrolls take you a little longer to read.] [mutagenic meat]
  8528 | D:8      | Noticed Pikel
  8535 | D:8      | Paralysed by Pikel for 5 turns
  8546 | D:8      | Paralysed by Pikel for 2 turns
  8555 | D:8      | Paralysed by Pikel for 2 turns
  8559 | D:8      | Killed Pikel
  8563 | D:8      | Found a sand-covered staircase.
  8580 | D:8      | Got a faintly glowing mace
  8601 | Ossuary  | Entered an ossuary
  8602 | Ossuary  | Identified the +6 mace of Joojamuff {antimagic, rPois rN+ Str+3 Int+4} (You found it on level 8 of the Dungeon)
  8928 | D:8      | Reached XP level 10. HP: 74/82 MP: 5/15
  9267 | D:8      | Reached ***** piety under Lugonu
  9703 | D:9      | Reached skill level 1 in Maces & Flails
  9893 | D:9      | Found a white marble altar of Elyvilon.
 10409 | D:9      | Found a basalt altar of Yredelemnul.
 10457 | D:10     | Entered Level 10 of the Dungeon
 10927 | D:10     | Found a staircase to the Lair.
 11055 | D:10     | Noticed Josephine
 11253 | Lair:1   | Entered Level 1 of the Lair of Beasts
 11253 | Lair:1   | Noticed a black mamba
 11269 | Lair:1   | Killed a black mamba
 11272 | Lair:1   | Killed Josephine
 11272 | Lair:1   | Reached skill level 1 in Throwing
 11666 | Lair:1   | Noticed a spiny frog
 11688 | Lair:1   | Killed a spiny frog
 11697 | Lair:1   | Noticed a spiny frog
 11698 | Lair:1   | Banished a spiny frog
 11698 | Lair:1   | Reached XP level 11. HP: 26/89 MP: 17/17
 13377 | Lair:2   | Noticed Harold
 13411 | Lair:2   | Killed Harold
 13857 | Lair:2   | Got a crystal scimitar
 13858 | Lair:2   | Identified the +6 scimitar "Goblinbane" {flame, +Fly rElec MR+ Int+2} (You found it on level 2 of the Lair of Beasts)
 13889 | Lair:2   | Noticed Gastronok
 14178 | D:10     | Noticed a two-headed ogre
 14195 | D:10     | Killed a two-headed ogre
 14916 | D:10     | Found a basalt altar of Yredelemnul.
 15593 | Lair:1   | Killed Gastronok
 16041 | Lair:2   | Found a staircase to the Swamp.
 16047 | Lair:2   | Reached XP level 12. HP: 68/100 MP: 6/19
 16169 | Lair:2   | Noticed Urug
 16194 | Lair:2   | Killed Urug
 17607 | Lair:3   | Reached skill level 10 in Invocations
 18207 | Lair:3   | Found a staircase to the Snake Pit.
 19507 | Lair:3   | Reached skill level 10 in Armour
 19877 | Lair:4   | Got a warped cloak
 19888 | Lair:4   | Identified the +1 cloak of the Ditch-Digger {rElec Stlth+} (You found it on level 4 of the Lair of Beasts)
 19934 | Lair:4   | Reached skill level 10 in Axes
 21151 | Lair:5   | Found a dark tunnel.
 21156 | Volcano  | Entered a volcano
 21931 | Volcano  | Reached XP level 13. HP: 102/107 MP: 21/21
 21982 | Volcano  | Lost mutation: You have a pair of small horns on your head. [evolution]
 22423 | Lair:6   | Entered Level 6 of the Lair of Beasts
 22423 | Lair:6   | Found a staircase to the Slime Pits.
 27403 | D:11     | Reached XP level 14. HP: 116/116 MP: 23/23
 27622 | D:11     | Found a roughly hewn altar of Beogh.
 27622 | D:11     | Found a staircase to the Orcish Mines.
 28264 | D:11     | Noticed Sonja
 28270 | D:11     | Killed Sonja
 29928 | D:12     | Found Plog's Assorted Antiques.
 31200 | D:12     | Found a shadowy altar of Dithmenos.
 32831 | D:14     | Reached ****** piety under Lugonu
 33238 | D:14     | Found Vanohuw's Antique Armour Shop.
 33325 | D:14     | Lost mutation: Your spells are a little easier to cast, but a little less powerful. [mutagenic meat]
 33326 | D:14     | Gained mutation: You rapidly evolve. [mutagenic meat]
 33327 | D:14     | Gained mutation: You have a beak for a mouth. [mutagenic meat]
 33330 | D:14     | Lost mutation: [You are weak. (Str -2)] [mutagenic meat]
 33331 | D:14     | Gained mutation: [Scrolls take you longer to read.] [mutagenic meat]
 33332 | D:14     | Gained mutation: Your mind is very acute. (Int +4) [mutagenic meat]
 33660 | D:14     | Gained mutation: You are agile. (Dex +2) [evolution]
 33861 | D:14     | Found a gate to the Vaults.
 33906 | D:14     | Reached XP level 15. HP: 51/126 MP: 25/25
 33980 | D:14     | You fall through a shaft!
 33980 | D:15     | Entered Level 15 of the Dungeon
 34816 | D:15     | Found a staircase to the Depths.
 34816 | D:15     | Noticed a fire giant
 34829 | D:15     | Killed a fire giant
 34829 | D:15     | Reached skill level 10 in Fighting
 35143 | D:15     | Found a shattered altar of Ashenzari.
 35155 | D:15     | Lost mutation: [Your body sometimes deteriorates upon taking damage.] [potion of mutation]
 35155 | D:15     | Lost mutation: [Scrolls take you longer to read.] [potion of mutation]
 35155 | D:15     | Lost mutation: You are partially covered in iridescent scales. (AC +2) [potion of mutation]
 35155 | D:15     | Lost mutation: You are agile. (Dex +2) [potion of mutation]
 35155 | D:15     | Gained mutation: Potions are less effective at restoring your health. [potion of mutation]
 35155 | D:15     | Gained mutation: You have a pair of small horns on your head. [potion of mutation]
 35593 | D:15     | Lost mutation: Your flesh is heat resistant. (rF+) [mutagenic meat]
 35596 | D:15     | Lost mutation: You rapidly evolve. [mutagenic meat]
 35600 | D:15     | Lost mutation: You have a pair of small horns on your head. [mutagenic meat]
 35601 | D:15     | Gained mutation: You are partially covered in rugged brown scales. (AC +1, +3% HP) [mutagenic meat]
 36239 | Orc:1    | Entered Level 1 of the Orcish Mines
 36431 | Orc:1    | Noticed Fannar
 36440 | Orc:1    | Killed Fannar
 36523 | Orc:1    | Noticed Nergalle
 36557 | Orc:1    | Killed Nergalle
 37018 | Orc:2    | Entered Level 2 of the Orcish Mines
 37744 | Orc:2    | Noticed Rupert
 37752 | Orc:2    | Paralysed by Rupert for 5 turns
 38143 | Orc:2    | Paralysed by Rupert for 4 turns
 38252 | Orc:1    | Killed Rupert
 38546 | Orc:2    | Found a staircase to the Elven Halls.
 39134 | Orc:2    | Found Soudyn's Antique Armour Emporium.
 39135 | Orc:2    | Found Qybain's Antique Weapon Shoppe.
 39148 | Orc:2    | Found Waethe's Food Shop.
 39153 | Orc:2    | Paralysed by an ogre mage for 2 turns
 39281 | Orc:2    | Found Pinof's Gadget Emporium.
 39343 | Orc:2    | Bought a shiny centaur barding for 806 gold pieces
 39519 | Elf:1    | Entered Level 1 of the Elven Halls
 40104 | Elf:1    | Found Hisau's Gadget Shop.
 40111 | Elf:1    | Found Ethroczuts's Gadget Boutique.
 40887 | Elf:2    | Reached XP level 16. HP: 133/140 MP: 26/26
 40977 | Elf:2    | Found a runed gate.
 40977 | Elf:2    | Found a runed gate.
 40977 | Elf:2    | Found a runed gate.
 42709 | Elf:2    | Reached skill level 15 in Invocations
 42849 | Elf:2    | Reached skill level 5 in Shields
 43070 | Elf:2    | Noticed a deep elf blademaster
 43092 | Elf:2    | Banished a deep elf blademaster
 43340 | Elf:2    | Gained mutation: [Scrolls take you longer to read.] [evolution]
 43816 | Elf:3    | Entered Level 3 of the Elven Halls
 44683 | Elf:3    | Cast into level 3 of the Abyss (a deep elf sorcerer)
 44685 | Abyss:3  | Found a corrupted altar of Lugonu.
 44705 | Abyss:3  | Noticed a hellephant
 44705 | Elf:3    | Escaped the Abyss
 45124 | Elf:3    | Lost mutation: You evolve. [potion of mutation]
 45124 | Elf:3    | Lost mutation: Your mind is very acute. (Int +4) [potion of mutation]
 45124 | Elf:3    | Lost mutation: Your flesh is cold resistant. (rC+) [potion of mutation]
 45124 | Elf:3    | Lost mutation: [Scrolls take you longer to read.] [potion of mutation]
 45124 | Elf:3    | Gained mutation: Your system is resistant to poisons. (rPois) [potion of mutation]
 45124 | Elf:3    | Gained mutation: Your muscles are strong. (Str +2) [potion of mutation]
 45452 | Elf:3    | Cast into level 2 of the Abyss (deep elf knight)
 45564 | Abyss:2  | Reached skill level 15 in Axes
 45607 | Elf:3    | Escaped the Abyss
 45853 | Elf:3    | Cast into level 2 of the Abyss (deep elf knight)
 46302 | Abyss:2  | Reached XP level 17. HP: 119/148 MP: 28/28
 46334 | Elf:3    | Escaped the Abyss
 46613 | Elf:3    | Cast into level 3 of the Abyss (deep elf knight)
 46720 | Elf:3    | Escaped the Abyss
 46728 | Elf:3    | Noticed a deep elf master archer
 46731 | Elf:3    | Shot with an arrow by a deep elf master archer

Skill      XL: |  1  2  3  4  5  6  7  8  9 10 11 12 13 14 15 16 |
---------------+-------------------------------------------------+-----
Axes           | 2 3 4 5 6 7 8 10 11 13 14 15 | 15.1
Armour         | 2 3 5 6 8 9 10 11 12 13 | 13.1
Invocations    | 3 4 6 7 8 9 10 12 13 14 15 | 15.6
Fighting       | 4 5 6 7 8 9 10 11 | 11.6
Dodging        | 1 2 |  2.5
Shields        | 1 2 3 4 5 |  5.2
Maces & Flails | 3 4 |  4.2
Throwing       | 1 2 |  2.5

Action                   |  1- 3 |  4- 6 |  7- 9 | 10-12 | 13-15 | 16-18 || total
-------------------------+-------+-------+-------+-------+-------+-------++-------
Melee: Hand axe          |   144 |   129 |   477 |   304 |       |       ||  1054
       Kick              |    32 |    29 |   123 |   259 |   512 |   167 ||  1122
       Headbutt          |    16 |    17 |    81 |   185 |    18 |       ||   317
       Mace              |       |       |    17 |   246 |       |       ||   263
       Scimitar          |       |       |       |     2 |       |       ||     2
       Broad axe         |       |       |       |   286 |  1480 |   538 ||  2304
       Peck              |       |       |       |       |   113 |   102 ||   215
Throw: Javelin           |       |       |     2 |    24 |    10 |     5 ||    41
Invok: Depart the Abyss  |     1 |       |     1 |       |       |     4 ||     6
       Bend Space        |       |       |       |     1 |       |       ||     1
       Banish            |       |       |       |    15 |    19 |     2 ||    36
  Use: Scroll            |     7 |     1 |     9 |    22 |    13 |     6 ||    58
       Potion            |     2 |     5 |     8 |    10 |     5 |     2 ||    32
 Stab: Distracted        |       |       |       |       |     1 |     1 ||     2
       Fleeing           |       |       |       |       |       |     1 ||     1
  Eat: Chunk             |     3 |     3 |    27 |    34 |    52 |    12 ||   131
       Bread ration      |       |       |       |     2 |     4 |     1 ||     7
       Fruit             |       |       |       |       |     4 |     5 ||     9
       Royal jelly       |       |       |       |       |     1 |       ||     1
       Meat ration       |       |       |       |       |     1 |       ||     1
Armor: Plate armour      |    64 |   106 |   338 |   716 |  1279 |   394 ||  2897
       Skin              |       |     9 |     3 |       |       |       ||    12
Dodge: Dodged            |    36 |    31 |   118 |   345 |   682 |   130 ||  1342
Block: Buckler           |       |       |    52 |   164 |   378 |    96 ||   690
       Rpst.: Scimitar   |       |       |       |     1 |       |       ||     1
